Map: [ESL] Inside and Out

Players

Lambo - Winner!

  • Race: Zerg Zerg
  • Spawn Location: 1:00

AqueroN

  • Race: Terran Terran
  • Spawn Location: 7:00

Event: DreamHack SC2 Masters 2022 Atlanta (Online)

VOD

Have the link to the VOD?

Description

Time

  • Played on: Oct. 2, 2022, 2 p.m.
  • Length: 7:42

All games in this series

Show
View Real Time Build Order
Export as new Build Order

Lambo Zerg - Winner!

Build Orders: Pool First 

Get SALT Encoding   

  12  0:00  Drone  
  13  0:12  Overlord  
  13  0:17  Drone  
  14  0:30  Drone x2  
  14  0:34  Drone  
  17  0:43  Spawning Pool  
  17  0:48  Drone  
  17  1:07  Hatchery  
  17  1:10  Drone  
  17  1:13  Drone  
  17  1:15  Extractor  
  17  1:30  Zergling x2, Queen  
  17  1:31  Zergling x2  
  21  1:39  Overlord  
  21  1:49  Drone  
  22  2:00  Drone  
  23  2:05  Queen  
  25  2:17  Hatchery  
  25  2:18  Drone  
  25  2:20  Drone  
  27  2:22  Drone  
  27  2:30  Drone  
  27  2:32  Drone  
  30  2:37  Drone  
  30  2:38  Drone x2  
  32  2:44  Overlord  
  32  2:50  Queen  
  34  2:55  Metabolic Boost  
  34  3:01  Drone x2  
  36  3:06  Queen  
  38  3:14  Drone x3  
  38  3:17  Drone x2  
  43  3:20  Drone  
  43  3:23  Overlord  
  44  3:29  Queen  
  44  3:32  Drone  
  47  3:36  Queen  
  47  3:41  Drone  
  50  3:42  Drone x2  
  50  3:47  Zergling x6  
  55  3:50  Overlord  
  55  3:53  Drone x2  
  56  3:56  Drone  
  56  3:59  Overlord  
  56  4:00  Overlord  
  57  4:06  Overlord  
  57  4:12  Baneling Nest  
  57  4:13  Drone  
  57  4:17  Queen  
  57  4:19  Drone x4  
  57  4:23  Zergling x6  
  66  4:26  Drone x2  
  66  4:30  Queen  
  70  4:44  Drone  
  70  4:45  Drone  
  72  4:47  Zergling x4  
  72  4:49  Drone x7  
  72  4:50  Lair  
  81  5:01  Overlord  
  81  5:02  Overlord  
  81  5:03  Queen, Baneling, Extractor  
  81  5:04  Baneling, Overlord  
  82  5:07  Overlord  
  82  5:09  Extractor  
  81  5:15  Overlord  
  81  5:16  Overlord  
  81  5:18  Queen, Drone  
  81  5:19  Overlord  
  81  5:20  Drone x2  
  86  5:21  Overlord  
  86  5:23  Drone  
  86  5:25  Drone  
  86  5:27  Baneling, Extractor x2  
  86  5:29  Spore Crawler  
  86  5:30  Drone x2  
  86  5:32  Spore Crawler  
  86  5:35  Spore Crawler  
  86  5:36  Drone  
  86  5:37  Drone  
  86  5:42  Spore Crawler  
  86  5:44  Queen  
  86  5:47  Drone x4  
  86  5:49  Spore Crawler  
  91  5:50  Drone x2  
  89  6:00  Zergling x12  
  90  6:10  Spire  
  89  6:18  Drone x7  
  95  6:23  Zergling x8  
  95  6:24  Queen  
  101  6:29  Drone x2  
  101  6:31  Extractor  
  101  6:32  Overseer  
  102  6:33  Queen x2  
  102  6:37  Zergling x6  
  102  6:38  Baneling  
  109  6:46  Drone, Roach Warren  
  110  6:47  Drone  
  110  6:48  Drone  
  110  6:52  Hatchery  
  110  6:58  Baneling x3  
  110  7:00  Drone x2  
  112  7:02  Overlord  
  112  7:04  Overlord  
Show
View Real Time Build Order
Export as new Build Order

AqueroN Terran 

Build Orders: Hellion Opening, Reaper Expand 

Get SALT Encoding   

  12  0:00  SCV  
  13  0:12  SCV  
  14  0:16  Supply Depot  
  14  0:24  SCV  
  15  0:38  SCV  
  15  0:39  Barracks  
  16  0:42  Refinery  
  16  0:50  SCV  
  17  1:02  SCV  
  18  1:14  SCV  
  19  1:26  Reaper, Orbital Command  
  20  1:38  Command Center  
  20  1:48  Supply Depot  
  20  1:52  SCV  
  21  1:58  Marine  
  22  2:04  SCV  
  22  2:07  Factory  
  23  2:15  Refinery  
  23  2:16  SCV  
  23  2:19  Barracks Reactor  
  24  2:28  SCV  
  25  2:40  SCV  
  26  2:52  SCV  
  26  2:53  Orbital Command  
  27  3:02  Starport  
  27  3:04  Hellion x2, SCV  
  32  3:09  Marine  
  33  3:16  SCV  
  34  3:21  SCV  
  34  3:25  Supply Depot, Hellion x2  
  39  3:28  Barracks Tech Lab  
  39  3:32  SCV  
  39  3:33  SCV  
  41  3:38  Supply Depot  
  41  3:39  Viking  
  43  3:46  Hellion  
  43  3:47  Hellion  
  47  3:50  SCV  
  47  3:51  SCV  
  49  4:01  Supply Depot  
  51  4:03  SCV  
  51  4:06  Fusion Core  
  52  4:13  Hellion x2  
  52  4:16  Refinery, Starport  
  54  4:19  SCV x2  
  56  4:24  Supply Depot  
  56  4:26  Barracks Tech Lab  
  56  4:32  Refinery  
  56  4:35  SCV x2  
  56  4:37  Supply Depot  
  62  4:48  SCV x2  
  64  4:56  Hellion x2  
  64  4:59  Battlecruiser  
  70  5:03  SCV  
  70  5:04  SCV  
  72  5:14  Supply Depot  
  72  5:16  SCV x2  
  78  5:23  Battlecruiser  
  78  5:28  SCV x2  
  82  5:30  Supply Depot  
  82  5:31  Supply Depot  
  82  5:37  Hellion x2  
  86  5:47  Armory  
  80  5:58  Hellion x2  
  76  6:06  Battlecruiser  
  82  6:15  Command Center  
  75  6:20  Hellion x2  
  79  6:34  Battlecruiser  
  85  6:41  Hellion x2  
  89  6:53  Supply Depot  
  89  6:54  Supply Depot  
  89  7:02  Hellion x2  
Tags
 
Add a new tag
Caveats
  • Supply blocks, unpowered buildings, or Contaminate may cause inaccurate times.
  • Supply counts are checked every 10 seconds.